 Dungeon Crawl Stone Soup version 0.19.1 (webtiles) character file.

42 empire the Magician (level 3, -1/27 HPs)
             Began as a Demonspawn Wanderer on Dec 16, 2016.
             Succumbed to kobold's curare-tipped needle
             ... on level 3 of the Dungeon.
             The game lasted 00:03:42 (1726 turns).

empire the Magician (Demonspawn Wanderer)           Turns: 1726, Time: 00:03:43

Health: -1/27      AC: 10    Str: 13    XL:     3   Next: 33%
Magic:  7/7        EV:  8    Int: 13    God:
Gold:   34         SH:  0    Dex: 12    Spells: 0 memorised, 8 levels left

rFire  . . .     SeeInvis .     a - +0 hand axe
rCold  . . .     Gourm    .     j - +2 scale mail
rNeg   . . .     Faith    .     (no shield)
rPois  .         Spirit   .     (no helmet)
rElec  .         Reflect  .     (no cloak)
rCorr  .         Harm     .     (no gloves)
MR     .....                    (no boots)
Stlth  +.........               (no amulet)
                                (no ring)
                                (no ring)

@: lethally poisoned (-1 -> -46), slowed, very slow
A: thin metallic scales 1, nightstalker 1
a: no special abilities


You were on level 3 of the Dungeon.
You were not hungry.

You visited 1 branch of the dungeon, and saw 3 of its levels.

You collected 34 gold pieces.

Inventory:

Hand Weapons
 a - a +0 hand axe (weapon)
 b - a +0 club
 o - a +2 hunting sling of flaming
Missiles
 k - 11 arrows
 l - 7 poisoned needles
Armour
 g - a +0 robe
 h - a +0 shield
 j - a +2 scale mail (worn)
Magical Staves
 n - an uncursed staff of poison {unknown}
Scrolls
 e - a scroll of remove curse {unknown}
 i - a scroll of random uselessness {unknown}
 m - a scroll of blinking {unknown}
 r - a scroll of fog {unknown}
 t - a scroll of immolation {unknown}
Potions
 p - a potion of brilliance
Books
 c - the Grimoire of Contamination

   Spells                             Type                      Level
   a - Sting                          Conjuration/Poison           1
   b - Ignite Poison                  Fire/Transmutation/Poison    3
 d - Ekeneq's Volume of Confrontation

   Spells                             Type                      Level
   a - Flame Tongue                   Conjuration/Fire             1
   b - Stone Arrow                    Conjuration/Earth            3
Comestibles
 f - a bread ration
 q - 6 chunks of flesh


   Skills:
 + Level 2.2 Fighting
   Level 1.7 Bows
 + Level 2.8 Armour
 - Level 1.0 Stealth
 - Level 1.0 Shields
 - Level 3.0 Spellcasting


You had 8 spell levels left.
You didn't know any spells.

Dungeon Overview and Level Annotations

Branches:
Dungeon (3/15)

Altars:

Annotations:
D:2 Robin, Terence


Innate Abilities, Weirdness & Mutations

You are partially covered in thin metallic scales. (AC +2)
You are slightly more attuned to the shadows.


Message History

The kobold shouts!
The kobold unwields an uncursed whip.
The kobold wields a blowgun.
The kobold shoots a curare-tipped needle.
The curare-tipped needle hits you.
You are poisoned.
You have difficulty breathing.
You feel yourself slow down.
You feel sick.
The kobold shoots a curare-tipped needle.
The curare-tipped needle hits you.
You are lethally poisoned!
You have difficulty breathing.
You feel as though you will be slow longer.
The kobold shoots a curare-tipped needle.
The curare-tipped needle hits you.
You are more poisoned.
You have difficulty breathing.
* * * LOW HITPOINT WARNING * * *
You feel as though you will be slow longer.
You see here 2 curare-tipped needles.
You die...

##### ##...## ##.....##
###### #.....>.# #....#
#...K...#
#....######..@.<..#
#.........##(....##
#####.######...........
#....................##
..###.########.......#
#####.#### #.........
.........# ####.....###
#####.##.>.. .......
#.# ...# ..#...


You could see a kobold.

Vanquished Creatures
  An adder (D:1)
  An ooze (D:1)
  A ball python (D:1)
  2 giant cockroaches
  2 goblins (D:2)
  4 hobgoblins
  4 jackals
  2 kobolds (D:1)
  2 bats
  3 frilled lizards (D:1)
  5 rats
  A bush (D:1)
  A plant (D:1)
29 creatures vanquished.

Notes
Turn   | Place    | Note
-------+----------+-------------------------------------------
     0 | D:1      | empire the Demonspawn Wanderer began the quest for the Orb.
     0 | D:1      | empire set off with: a +2 scale mail, Ekeneq's Volume of Confrontation, the Grimoire of Contamination, a +0 club, a bread ration
     0 | D:1      | Reached XP level 1. HP: 15/15 MP: 4/4
   274 | D:1      | Identified the Grimoire of Contamination
   274 | D:1      | Identified Ekeneq's Volume of Confrontation
   283 | D:1      | Gained mutation: You are slightly more attuned to the shadows. [demonic ancestry]
   283 | D:1      | Reached XP level 2. HP: 17/21 MP: 6/6
  1173 | D:1      | Gained mutation: You are partially covered in thin metallic scales. (AC +2) [demonic ancestry]
  1173 | D:1      | Reached XP level 3. HP: 18/27 MP: 7/7
  1366 | D:2      | Noticed Robin
  1367 | D:2      | Noticed Terence
  1726 | D:3      | Succumbed to kobold's curare-tipped needle

Skill      XL: |  1  2 |
---------------+-------+-----
Armour         | 2 |  2.8
Fighting       | 2 |  2.2
Bows           | |  1.7
Stealth        | |  1.0
Shields        | |  1.0
Spellcasting   | |  3.0

Action                   || total
-------------------------++-------
Melee: Club              ||    31
       Hand axe          ||   219
  Use: Potion            ||     3
  Eat: Chunk             ||     3
Armor: Scale mail        ||    84
Dodge: Dodged            ||    60
